 Dungeon Crawl Stone Soup version 0.27-a0-1528-g90fbb72469 (webtiles) character file.

Game seed: 7965583574023299995

247 Feb132020 the Chiller (level 5, -1/39 HPs)
             Began as a Draconian Ice Elementalist on July 11, 2021.
             Slain by an orc priest (4 damage)
             ... on level 4 of the Dungeon.
             The game lasted 00:14:51 (3897 turns).

Feb132020 the Chiller (Draconian Ice Elementalist)  Turns: 3897, Time: 00:14:52

Health: -1/39      AC:  6    Str: 11    XL:     5   Next: 85%
Magic:  8/10       EV: 13    Int: 16    God:
Gold:   90         SH:  0    Dex: 17    Spells: 4/11 levels left

rFire    . . .     SeeInvis .   b - +2 short sword (venom)
rCold    . . .     Faith    .   (no shield)
rNeg     . . .     Spirit   .   (armour unavailable)
rPois    .         Reflect  .   (helmet restricted)
rElec    .         Harm     .   f - +0 cloak
rCorr    .         Rampage  .   (no gloves)
Will     .....                  (no boots)
Stlth    ++........             (no amulet)
HPRegen  0.13/turn              d - +6 ring of dexterity
MPRegen  0.12/turn              (no ring)

@: no status effects
A: AC +5, unfitting armour, cold-blooded
a: no special abilities


You were on level 4 of the Dungeon.
You visited 1 branch of the dungeon, and saw 4 of its levels.

You collected 90 gold pieces.

Inventory:

Hand Weapons
 b - a +2 short sword of venom (weapon)
 g - a +2 quarterstaff of chaos
Missiles
 o - 4 boomerangs of dispersal
Armour
 f - a +0 cloak (worn)
 h - a scarf of harm
Jewellery
 d - a +6 ring of dexterity (left hand)
Wands
 e - a wand of digging (7)
 i - a wand of flame (23)
Scrolls
 c - a scroll of amnesia
 j - a scroll of magic mapping
Potions
 a - a potion of berserk rage {unknown}
 k - a potion of invisibility {unknown}
 l - a potion of mutation {unknown}
 m - a potion of attraction {unknown}
 n - a potion of magic {unknown}


   Skills:
 + Level 0.7 Fighting
 + Level 2.5 Dodging
 + Level 2.4 Stealth
 + Level 3.8 Spellcasting
 + Level 5.3 Ice Magic


You had 4 spell levels left.
You knew the following spells:

 Your Spells              Type           Power      Damage    Failure   Level
a - Freeze                Ice            80%        1d9       1%          1
b - Frozen Ramparts       Ice            40%        1d6       5%          3
o - Ozocubu's Armour      Ice            20%        N/A       5%          3

Your spell library contained the following spells:

 Spells                   Type           Power      Damage    Failure   Level
 Gell's Gravitas          Tloc           1%         N/A       45%         3
 Lesser Beckoning         Tloc           1%         N/A       45%         3
 Teleport Other           Tloc           3%         N/A       45%         3
 Hailstorm                Conj/Ice       11%        3d5       50%         4


Dungeon Overview and Level Annotations

Branches:
Dungeon (4/15)
 Temple: D:4-7

Altars:

Shops:
D:3 (

Annotations:
D:3 Sigmund


Innate Abilities, Weirdness & Mutations

Your plain brown scales are hard. (AC +5)
You cannot fit into any form of body armour.
You are cold-blooded and may be slowed by cold attacks.


Message History

You hit the orc but do no damage.
The orc is poisoned.
The orc closely misses you.
You hit the orc.
The orc looks as sick as possible!
The orc is almost dead.
You kill the orc!
The orc priest closely misses you.
The orc priest looks encouraged for a moment.
You barely miss the orc priest. The orc priest closely misses you.
You barely miss the orc priest.
You tail-slap the orc priest, but do no damage.
The orc priest hits you with a +0 trident.
You closely miss the orc priest.
The orc priest calls down the wrath of Beogh upon you.
Pain shoots through your body!
You are too injured to fight recklessly!
Unknown command.
Unknown command.
Unknown command.
Casting: Freeze (safe; 1% risk of failure)
Confirm with . or Enter, or press ? or * to list all spells.
Aiming: Freeze (safe; 1% risk of failure)
Press: ? - help, Shift-Dir - straight line, f - orc priest
Aim: an orc priest, wielding a +0 trident and wearing a +0 ring mail You freeze the orc priest.
The orc priest is lightly wounded.
The orc priest mumbles some strange prayers to Beogh against you.
Beogh smites you!
* * * LOW HITPOINT WARNING * * *
Unknown command.
Unknown command.
Unknown command.
Casting: Freeze (safe; 1% risk of failure)
Confirm with . or Enter, or press ? or * to list all spells.
Aiming: Freeze (safe; 1% risk of failure)
Press: ? - help, Shift-Dir - straight line, f/p - orc priest
Aim: an orc priest, wielding a +0 trident and wearing a +0 ring mail (lightly wounded)
You freeze the orc priest.
The orc priest is moderately wounded.
The orc priest hits you with a +0 trident.
You die...

#...# #...# .....# # #...#
.....# # #####.. ......#
#####......# #.....#
...........# '.....####
...........# #.....#..
...........######o....'......
................@.....# ....
..............<)......# .....
...............)......# .....
......................#....o.
......................#....oo
.....##'#########.....'...>..
.....#..........#.....#####'#
.....#..........#####........
.....#...........'..#........


You could see an orc priest.

Vanquished Creatures
  Crazy Yiuf (D:2)
  Jessica (D:2)
  Terence (D:2)
  An orc wizard (D:3)
  2 hound skeletons (D:4)
  2 adders
  A worm (D:3)
  2 dart slugs (D:3)
  6 orcs
  5 ball pythons
  7 endoplasms
  11 giant cockroaches
  7 goblins
  11 hobgoblins
  4 kobolds
  3 quokkas
  5 bats
  4 frilled lizards
  6 rats
80 creatures vanquished.

Notes
Turn   | Place    | Note
-------+----------+-------------------------------------------
     0 | D:1      | Feb132020 the Draconian Ice Elementalist began the quest
                  | for the Orb.
     0 | D:1      | Reached XP level 1. HP: 14/14 MP: 3/3
   353 | D:2      | Reached XP level 2. HP: 20/20 MP: 3/5
   710 | D:1      | Found a faded altar of an unknown god.
   913 | D:1      | Reached XP level 3. HP: 26/26 MP: 3/6
   917 | D:1      | Learned a level 3 spell: Frozen Ramparts
  1472 | D:2      | Noticed Jessica
  1494 | D:2      | Killed Jessica
  1624 | D:2      | Reached XP level 4. HP: 32/33 MP: 5/8
  1628 | D:2      | Learned a level 3 spell: Ozocubu's Armour
  1872 | D:2      | Noticed Terence
  1878 | D:2      | Killed Terence
  1879 | D:2      | Reached skill level 5 in Ice Magic
  2188 | D:2      | Found a runed translucent door.
  2189 | D:2      | Noticed Crazy Yiuf
  2206 | D:2      | Killed Crazy Yiuf
  2207 | D:2      | Reached XP level 5. HP: 35/38 MP: 7/10
  2534 | D:3      | Found Totusoiv's Antique Weapon Shoppe.
  2705 | D:3      | Noticed Sigmund
  3897 | D:4      | Slain by an orc priest

Illustrated notes

Levels and vault maps discovered:
D:1:      minmay_arrival_floating_metal, layout_rooms,
          ebering_ecumenical_altar_hall, st_stairs_10,
          kennysheep_decorative_pillar, kennysheep_crisscross
D:2:      minmay_roachtagon, layout_loops_ring, kennysheep_generic_room_3,
          uniq_jessica, uniq_terence, uniq_crazy_yiuf_cottage
D:3:      layout_loops_cross, serial_shops, shop, uniq_sigmund
D:4:      layout_gridville, lightli_temple_of_fire, nicolae_elemental_shop

Skill      XL: |  1  2  3  4 |
---------------+-------------+-----
Dodging        | 2 |  2.5
Stealth        | 2 |  2.4
Spellcasting   | 3 |  3.8
Ice Magic      | 5 |  5.3
Fighting       | |  0.7

Action                   |  1- 3 |  4- 6 || total
-------------------------+-------+-------++-------
Melee: Short sword       |    18 |   104 ||   122
       Tailslap          |     3 |    13 ||    16
 Cast: Freeze            |    45 |    11 ||    56
       Frozen Ramparts   |       |     1 ||     1
  Use: Scroll            |     2 |     5 ||     7
 Stab: Sleeping          |       |     4 ||     4
Armor: Skin              |    19 |    36 ||    55
Dodge: Dodged            |    20 |    53 ||    73

Table legend: (Time is in decaauts)
 A = Elapsed time spent in this place.
 B = Non-inter-level travel time spent in this place.
 C = Inter-level travel time spent in this place.
 D = Time resting spent in this place.
 E = Time spent auto-exploring this place.
 F = Levels seen in this place.
 G = Mean time per level.
                   A        B        C        D        E       F      G
               +--------+--------+--------+--------+--------+-----+--------+
         Total |   3942 |   3662 |    280 |    326 |   2601 |   4 |  985.5 |
       Dungeon |   3942 |   3662 |    280 |    326 |   2601 |   4 |  985.5 |
               +--------+--------+--------+--------+--------+-----+--------+

Top non-repeatable levels by time:
     D:2: 1297 daAuts
     D:1: 1102 daAuts
     D:3: 916 daAuts
     D:4: 625 daAuts
